Map: Acropolis LE

Players

OVO

  • Race: Terran Terran
  • League: Gold
  • Spawn Location: 5:00

sandboX - Winner!

  • Race: Zerg Zerg
  • League: Gold
  • Spawn Location: 11:00

VOD

Have the link to the VOD?

Description

Time

  • Played on: Aug. 14, 2019, 10:25 p.m.
  • Length: 11:06
Show
View Real Time Build Order
Export as new Build Order

OVO Terran 

Build Orders: Gas First Reaper Expand 

Get SALT Encoding   

  12  0:00  SCV  
  13  0:12  SCV  
  14  0:17  Supply Depot  
  14  0:24  SCV  
  15  0:29  Refinery  
  15  0:42  Barracks  
  15  0:45  SCV  
  16  0:57  SCV  
  17  1:09  SCV  
  18  1:21  SCV  
  19  1:32  Reaper  
  20  1:33  SCV  
  20  1:39  Command Center  
  21  1:47  Orbital Command  
  21  1:58  Factory  
  21  2:04  Refinery  
  21  2:13  SCV  
  21  2:15  Supply Depot  
  22  2:17  Barracks Reactor  
  22  2:25  SCV  
  23  2:53  Factory Reactor  
  23  2:54  Marine x2  
  23  2:57  Orbital Command  
  25  3:01  SCV  
  25  3:02  Starport  
  26  3:12  Orbital Command  
  26  3:15  Barracks  
  25  3:20  Marine x2  
  28  3:27  SCV  
  28  3:31  Widow Mine x2  
  32  3:39  SCV  
  33  3:42  Barracks  
  33  3:43  Starport Reactor  
  33  3:44  SCV  
  33  3:47  Supply Depot  
  34  3:49  Marine  
  34  3:51  SCV  
  36  3:56  Widow Mine  
  38  4:15  Marine  
  38  4:16  Marine  
  38  4:17  Barracks Tech Lab  
  40  4:19  Medivac  
  40  4:20  Medivac  
  40  4:21  SCV x2  
  46  4:33  Widow Mine, SCV, Marine  
  46  4:34  SCV, Marine  
  46  4:36  Barracks Reactor  
  52  4:45  SCV  
  53  4:46  SCV  
  53  4:47  Supply Depot  
  53  4:51  Supply Depot  
  54  4:54  Supply Depot  
  54  4:57  Supply Depot  
  54  5:09  SCV, Marine x2, Marauder  
  59  5:18  Marine x2  
  61  5:30  Marine x2  
  61  5:31  Marauder  
  61  5:32  Medivac x2  
  69  5:36  Marine  
  72  5:49  Barracks  
  70  5:51  Stimpack, Factory Tech Lab  
  70  5:52  Marauder  
  70  5:53  Marine x2  
  74  6:02  SCV  
  74  6:03  SCV  
  76  6:05  Medivac  
  76  6:06  Marine x2  
  76  6:10  Marine  
  76  6:11  Marine  
  82  6:13  Marauder  
  81  6:24  Marine x2  
  73  6:28  Marine  
  73  6:29  Marine  
  73  6:30  Medivac  
  75  6:35  Marauder  
  77  6:42  Marine x2  
  77  6:45  Refinery  
  77  6:46  Refinery, SCV x2, Marine  
  82  6:53  Supply Depot  
  82  6:54  Supply Depot  
  82  6:55  Supply Depot  
  82  6:56  Marauder  
  80  7:17  Marauder  
  79  7:34  Siege Tank  
  82  7:39  Marauder  
  84  7:51  Marine  
  84  7:52  Concussive Shells, Marine x3  
  84  7:53  SCV x2  
  90  8:00  Marauder  
  90  8:05  SCV x2  
  94  8:06  Siege Tank  
  94  8:09  Marine x2  
  94  8:10  Marine  
  100  8:17  SCV x2  
  102  8:22  Marauder  
  104  8:29  SCV x2  
  106  8:38  Siege Tank  
  92  8:43  Marauder  
  83  8:51  SCV x2  
  85  9:03  Factory, SCV x2  
  85  9:04  Command Center  
  85  9:06  Barracks  
  85  9:08  Supply Depot  
  85  9:09  Supply Depot  
  87  9:10  Siege Tank  
  87  9:15  SCV  
  87  9:16  SCV  
  92  9:19  Refinery  
  92  9:21  Refinery  
  72  9:27  SCV  
  72  9:35  Marine x2  
  72  9:36  Marauder  
  76  9:42  Siege Tank  
  76  9:44  Marine x2  
  70  9:53  Marine  
  70  9:57  Marauder  
  73  10:01  Marine x3  
  55  10:09  Marine  
  55  10:11  Marine, Factory Tech Lab  
  39  10:14  Siege Tank  
  39  10:18  Marine  
  39  10:19  Marine x2, Marauder  
  40  10:36  Marine  
  40  10:37  Marine x3  
  40  10:40  Marauder  
Show
View Real Time Build Order
Export as new Build Order

sandboX Zerg - Winner!

Build Orders: Hatch First 

Get SALT Encoding   

  12  0:01  Drone  
  13  0:13  Overlord  
  14  0:21  Drone  
  14  0:31  Drone x2  
  14  0:34  Drone  
  17  0:56  Hatchery  
  16  1:02  Drone x2  
  18  1:04  Extractor  
  17  1:19  Spawning Pool  
  17  1:25  Drone  
  17  1:26  Drone  
  18  1:33  Drone  
  19  1:40  Overlord  
  19  2:05  Zergling x4  
  19  2:07  Queen  
  23  2:08  Queen  
  23  2:14  Metabolic Boost  
  25  2:18  Drone  
  25  2:22  Drone  
  27  2:26  Drone  
  27  2:29  Drone  
  29  2:44  Zergling x4  
  30  2:56  Hatchery  
  29  3:01  Drone x2  
  29  3:03  Drone  
  32  3:22  Drone  
  32  3:23  Overlord, Drone x3  
  36  3:40  Overlord x2  
  36  3:43  Drone  
  36  3:44  Drone x4  
  41  3:52  Overlord  
  41  3:53  Overlord  
  41  3:56  Drone  
  42  4:03  Roach Warren  
  41  4:15  Extractor  
  41  4:16  Extractor  
  39  4:18  Drone x6  
  39  4:19  Drone  
  46  4:44  Lair  
  46  4:50  Evolution Chamber, Queen  
  46  4:51  Evolution Chamber  
  46  4:52  Drone  
  47  4:53  Drone x9  
  56  5:09  Drone x8  
  56  5:12  Zergling x4  
  66  5:18  Roach x2  
  74  5:28  Roach x2  
  74  5:34  Overlord  
  74  5:35  Overlord x2  
  74  5:42  Zerg Missile Weapons Level 1, Extractor x2  
  72  5:43  Glial Reconstitution, Zerg Ground Armor Level 1  
  72  5:47  Extractor  
  71  5:50  Hydralisk Den  
  71  5:52  Overlord  
  71  5:53  Overlord  
  70  6:02  Roach x5  
  79  6:25  Spore Crawler x2  
  73  6:27  Spore Crawler  
  73  6:31  Spore Crawler  
  73  6:32  Spore Crawler  
  69  6:35  Roach  
  69  6:37  Roach x12  
  95  6:50  Drone x8  
  103  7:14  Hydralisk x2  
  106  7:30  Overlord x3  
  106  7:31  Overlord  
  106  7:38  Muscular Augments  
  106  7:42  Zerg Ground Armor Level 2, Zerg Missile Weapons Level 2  
  106  7:48  Overlord x3  
  106  7:50  Roach x7  
  120  7:57  Spore Crawler  
  119  7:59  Hydralisk x5  
  129  8:06  Overlord x2  
  129  8:25  Hydralisk  
  129  8:26  Hydralisk x7  
  145  8:46  Spawning Pool  
  134  9:35  Roach Warren  
  126  9:49  Hydralisk x23  
  140  10:16  Roach x12  
  138  10:46  Roach x8  
Tags
 
Add a new tag
Caveats
  • Supply blocks, unpowered buildings, or Contaminate may cause inaccurate times.
  • Supply counts are checked every 10 seconds.